 Dungeon Sprint DCSS version 0.22-a0-373-gab1296c (webtiles) character file.

15157 emperorscorpion the Eclecticist (level 11, 0/57 HPs)
             Began as a Deep Elf Air Elementalist on Apr 25, 2018.
             Was the Champion of Sif Muna.
             Slain by a manticore (5 damage)
             ... in the Dungeon (Sprint IX: "|||||||||||||||||||||||||||||").
             The game lasted 00:25:54 (1352 turns).

emperorscorpion the Eclecticist (DEAE)              Turns: 1352, Time: 00:25:57

Health: 0/57       AC: 11    Str:  8    XL:     11   Next: 98%
Magic:  16/34      EV: 14    Int: 23    God:    Sif Muna [******]
Gold:   703        SH:  5    Dex: 19    Spells: 4/45 levels left

rFire    + . .     SeeInvis .   a - +2 rapier (drain)
rCold    . . .     Gourm    .   G - +0 buckler (curse)
rNeg     . . .     Faith    .   u - +2 ring mail {rF+}
rPois    .         Spirit   .   r - +0 helmet
rElec    .         Reflect  .   Q - +1 cloak
rCorr    .         Harm     .   C - +0 pair of gloves
MR       +....     Rnd*Rage +   (no boots) Stlth ++........NoTele +
                                (no amulet)
HPRegen  0.19/turn              s - +3 ring of strength
MPRegen  0.24/turn              t - +3 ring of dexterity

@: deflect missiles
A: berserk 1
a: Divine Energy, Channel Magic, Forget Spell, Renounce Religion


You were in the Dungeon.
You worshipped Sif Muna.
Sif Muna was exalted by your worship.
You were hungry.

You visited 1 branch You collected 1934 gold pieces.
You spent 1231 gold pieces at shops.

Inventory:

Hand Weapons
 a - a +2 rapier of draining (weapon)
 j - the +2 Maxwell's thermic engine {flame, freeze, rF- rC-}
   (You found it in the Dungeon)

   It has been specially enchanted to burn those struck by it, causing extra
   injury to most foes and up to half again as much damage against particularly
   susceptible opponents.
   Big, fiery blades are also staple armaments of hydra-hunters.
   It makes you vulnerable to fire.
   It makes you vulnerable to cold.
 o - a +0 short sword
 w - the +10 arbalest of Cheibriados's Hatred {freeze, +Blink}
   (You found it in the Dungeon)

   It causes projectiles fired from it to freeze those they strike, causing
   extra injury to most foes and up to half again as much damage against
   particularly susceptible opponents.
   They can also slow down cold-blooded creatures.
   It lets you blink.
Missiles
 A - 18 bolts
 L - a throwing net (quivered)
Armour
 p - a +0 robe
 q - a +0 cloak
 r - a +0 helmet (worn)
 u - a +2 ring mail of fire resistance (worn)
 B - a +0 cloak
 C - a +0 pair of gloves (worn)
 D - a +2 robe
 G - a cursed +0 buckler (worn)
 Q - a +1 cloak (worn)
 R - +0 swamp dragon scales
 S - the +1 ring mail of Inference {rElec Str+7}
   (You found it in the Dungeon)

   It affects your strength (+7).
   It insulates you from electricity.
 T - +0 acid dragon scales
Magical Staves
 b - an uncursed staff of energy
Jewellery
 s - a +3 ring of strength (left hand)
 t - a +3 ring of dexterity (right hand)
 M - an uncursed ring of protection from fire
 N - an uncursed ring of ice
 O - an uncursed ring of see invisible
 P - an uncursed ring of fire
Wands
 n - a wand of iceblast (7)
Scrolls
 i - 4 scrolls of blinking
 l - 5 scrolls of remove curse
 m - 2 scrolls of amnesia
 x - 2 scrolls of fog
 y - 3 scrolls of fear
 z - a scroll of immolation
 F - a scroll of identify
Potions
 d - 12 potions of curing
 e - 6 potions of heal wounds
 f - 2 potions of haste
 g - 4 potions of magic
 h - 3 potions of berserk rage
 k - 3 potions of invisibility
 v - 3 potions of mutation
 H - a potion of cancellation
 I - a potion of might
 J - 2 potions of lignification
 K - a potion of ambrosia
Miscellaneous
 E - a phantom mirror
Comestibles
 c - 12 rations


   Skills:
 + Level 2.2 Fighting
 + Level 5.9 Short Blades
 + Level 0.1 Armour
 + Level 7.0 Dodging
 - Level 3.5 Stealth
 * Level 2.5 Shields
 + Level 17.8 Spellcasting
 + Level 10.4 Conjurations
 * Level 12.3 Charms
 + Level 5.0 Necromancy
 + Level 1.0 Ice Magic
 + Level 14.1 Air Magic
 * Level 9.7 Earth Magic
 * Level 13.6 Invocations
 + Level 6.6 Evocations


You had 4 spell levels left.
You knew the following spells:

 Your Spells              Type           Power        Failure   Level  Hunger
a - Shock                 Conj/Air       ####         1%          1    None
b - Swiftness             Chrm/Air       ######..     1%          2    None
c - Static Discharge      Conj/Air       ######..     1%          3    None
d - Airstrike             Air            ######....   1%          4    None
e - Lightning Bolt        Conj/Air       ######....   1%          5    None
f - Iron Shot             Conj/Erth      ######....   24%         6    ####...
g - Borgnjor's Vile Clut  Necr/Erth      ######....   13%         5    None
h - Deflect Missiles      Chrm/Air       ######....   6%          6    ####...
i - Freezing Cloud        Conj/Ice/Air   ######....   41%         6    ####...
r - Regeneration          Chrm/Necr      ######....   1%          3    None


Dungeon Overview and Level Annotations

Branches:
Dungeon (1/1)

Altars:
Cheibriados
Dithmenos
Elyvilon
Fedhas
Gozag
Hepliaklqana
Kikubaaqudgha
Makhleb
Nemelex Xobeh
Okawaru
Qazlal
Ru
Sif Muna
Trog
Uskayaw
Vehumet
Wu Jian
Xom
Yredelemnul
Zin
The Shining One
Beogh
Jiyva
Lugonu

Shops:
D ([*


Innate Abilities, Weirdness & Mutations

You tend to lose your temper in combat.


Message History

The manticore barely misses you.
Casting: Freezing Cloud (safe; 43% risk of failure)
Confirm with . or Enter, or press ? or * to list all spells.
Aiming: Freezing Cloud (safe; 43% risk of failure)
Press: ? - help, Dir - move target cursor That beam is likely to hit you.
Continue anyway?
You are feeling hungry.
You are engulfed in freezing vapours.
* * * LOW HITPOINT WARNING * * *
The adder zombie is engulfed in freezing vapours.
The jelly is engulfed in freezing vapours.
The crimson imp is engulfed in freezing vapours.
You kill the crimson imp!
Sif Muna accepts your kill.
Your Ice Magic skill increases to level 1!
The manticore is engulfed in freezing vapours.
The manticore bites you!
* * * LOW HITPOINT WARNING * * *
The manticore misses you. The manticore claws you.
You die...

†....'††÷......†.†.†......).'....
▓▓▓▓▓▓▓▓▓▓▓▓▓▓▓▓▓▓▓▓▓▓▓▓▓▓▓▓▓▓▓▓▓
....................)............
▓▓▓▓▓▓▓▓▓▓▓▓▓▓▓▓▓▓▓▓▓▓▓▓▓▓▓▓▓▓▓▓▓
('))).))).....))))))!)∩.∩.∩.....'
▓▓▓▓▓▓▓▓▓▓▓▓▓▓▓▓▓▓▓▓▓▓▓▓▓▓▓▓▓▓▓▓▓
.................................
▓▓▓▓▓▓▓▓▓▓▓▓▓▓▓▓▓▓▓▓▓▓▓▓▓▓▓▓▓▓▓▓▓
..[.[[..........@HZJ§{DYW,,,,,,,+
▓▓▓▓▓▓▓▓▓▓▓▓▓▓▓▓▓▓▓▓▓▓▓▓*********
,,,,,,,,,,,,,,,,,,,,,,,,,,,,,,,,,
*********************************
,,,,,,,,,+,,,,,,,,,+,,,,,,,,,+,,,
*********************************
,,,,,,,,,,,,,,,,,,,,,,,,,,,,,,,,,
*********************************
,,,,,,,,,,+,,,,,,,,,,,,,,,,,,,,,+


You could see a seven-headed hydra, a manticore, a sky beast, a jelly and an
adder zombie.

Vanquished Creatures
  Harold (D)
  Josephine (D)
  Erolcha (D)
  Erica (D)
  2 orc high priests (D)
  2 orc knights (D)
  A deep elf mage (D)
  7 orc sorcerers (D)
  A gargoyle (D)
  A rime drake (D)
  3 spiny frogs (D)
  2 komodo dragons (D)
  3 tyrant leeches (D)
  2 hippogriffs (D)
  4 wraiths (D)
  3 yaks (D)
  Grum (D)
  A wyvern (D)
  2 vampire mosquitoes (D)
  2 water moccasins (D)
  2 porcupines (D)
  11 orc warriors (D)
  A phantom (D)
  3 wolves (D)
  2 crocodiles (D)
  4 bullfrogs (D)
  A scorpion (D)
  2 crimson imps (D)
  A jelly (D)
  9 orc wizards (D)
  2 orc priests (D)
  A worker ant (D)
  An adder skeleton (D)
  2 leopard geckos (D)
  9 orcs (D)
  2 bats (D)
  A bat zombie (D)
  A goblin (D)
  A hobgoblin (D)
  A jackal (D)
  A kobold (D)
99 creatures vanquished.

Vanquished Creatures (others)
  A wolf (D)
1 creature vanquished.

Grand Total: 100 creatures vanquished

Notes
Turn   | Place    | Note
-------+----------+-------------------------------------------
     0 | D        | emperorscorpion the Deep Elf Air Elementalist began the quest for the Orb.
     0 | D        | Reached XP level 1. HP: 10/10 MP: 6/6
   134 | D        | Noticed a worker ant
   135 | D        | Reached XP level 2. HP: 15/15 MP: 6/8
   137 | D        | Reached skill level 4 in Spellcasting
   141 | D        | Reached skill level 5 in Air Magic
   141 | D        | Reached XP level 3. HP: 10/19 MP: 0/11
   141 | D        | Reached skill level 5 in Spellcasting
   150 | D        | Found a roughly hewn altar of Beogh.
   150 | D        | Found a snail-covered altar of Cheibriados.
   150 | D        | Found a shadowy altar of Dithmenos.
   150 | D        | Found a white marble altar of Elyvilon.
   150 | D        | Found a blossoming altar of Fedhas.
   150 | D        | Found an opulent altar of Gozag.
   151 | D        | Found a hazy altar of Hepliaklqana.
   152 | D        | Found a viscous altar of Jiyva.
   153 | D        | Found an ancient bone altar of Kikubaaqudgha.
   154 | D        | Found a corrupted altar of Lugonu.
   155 | D        | Found a burning altar of Makhleb.
   156 | D        | Found a sparkling altar of Nemelex Xobeh.
   157 | D        | Found an iron altar of Okawaru.
   158 | D        | Found a stormy altar of Qazlal.
   159 | D        | Found a sacrificial altar of Ru.
   160 | D        | Found a deep blue altar of Sif Muna.
   161 | D        | Found a bloodstained altar of Trog.
   162 | D        | Found a hide-covered altar of Uskayaw.
   163 | D        | Found a radiant altar of Vehumet.
   164 | D        | Found an ornate altar of the Wu Jian Council.
   165 | D        | Found a shimmering altar of Xom.
   166 | D        | Found a basalt altar of Yredelemnul.
   167 | D        | Found a glowing silver altar of Zin.
   168 | D        | Became a worshipper of Sif Muna the Loreminder
   169 | D        | Found a glowing golden altar of the Shining One.
   178 | D        | Found the +2 Maxwell's thermic engine {flame, freeze, rF- rC-}
   213 | D        | Learned a level 2 spell: Swiftness
   217 | D        | Learned a level 3 spell: Static Discharge
   229 | D        | Noticed a bullfrog
   229 | D        | Noticed a phantom
   229 | D        | Noticed a scorpion
   262 | D        | Killed a bullfrog
   262 | D        | Reached * piety under Sif Muna
   262 | D        | Reached skill level 6 in Spellcasting
   262 | D        | Reached XP level 4. HP: 14/24 MP: 0/14
   267 | D        | Reached skill level 1 in Short Blades
   267 | D        | Reached XP level 5. HP: 11/28 MP: 0/16
   302 | D        | Learned a level 4 spell: Airstrike
   308 | D        | Learned a level 5 spell: Lightning Bolt
   338 | D        | Killed a phantom
   338 | D        | Reached ** piety under Sif Muna
   338 | D        | Reached skill level 1 in Fighting
   338 | D        | Reached skill level 7 in Spellcasting
   377 | D        | Reached skill level 5 in Dodging
   377 | D        | Reached skill level 8 in Spellcasting
   377 | D        | Reached XP level 6. HP: 26/34 MP: 2/19
   420 | D        | Noticed an orc warrior
   420 | D        | Noticed an orc warrior
   420 | D        | Noticed an orc warrior
   420 | D        | Noticed a deep elf mage
   420 | D        | Noticed a gargoyle
   422 | D        | Reached skill level 5 in Invocations
   422 | D        | Reached skill level 1 in Evocations
   423 | D        | Killed an orc warrior
   423 | D        | Reached *** piety under Sif Muna
   423 | D        | Reached skill level 9 in Spellcasting
   423 | D        | Killed an orc warrior
   424 | D        | Killed an orc warrior
   424 | D        | Reached skill level 5 in Conjurations
   424 | D        | Reached XP level 7. HP: 34/38 MP: 3/22
   426 | D        | Killed a deep elf mage
   426 | D        | Reached **** piety under Sif Muna
   426 | D        | Reached skill level 11 in Spellcasting
   426 | D        | Reached skill level 10 in Air Magic
   426 | D        | Reached XP level 8. HP: 40/44 MP: 3/25
   430 | D        | Killed a gargoyle
   534 | D        | Got the +10 arbalest of Cheibriados's Hatred {freeze, +Blink}
   547 | D        | Noticed a hippogriff
   547 | D        | Noticed a spiny frog
   547 | D        | Noticed a spiny frog
   552 | D        | Killed a spiny frog
   552 | D        | Reached ***** piety under Sif Muna
   552 | D        | Reached skill level 12 in Spellcasting
   553 | D        | Identified Sif Muna's Collected Works on Enchantment and Battle Magic (Sif Muna gifted it to you in the Dungeon)
   553 | D        | Received a gift from Sif Muna
   553 | D        | Reached skill level 5 in Short Blades
   555 | D        | Killed a hippogriff
   555 | D        | Reached XP level 9. HP: 45/48 MP: 16/27
   558 | D        | Killed a spiny frog
   558 | D        | Reached skill level 13 in Spellcasting
   560 | D        | Reached skill level 10 in Invocations
   565 | D        | Reached skill level 5 in Evocations
   574 | D        | Learned a level 6 spell: Iron Shot
   614 | D        | Noticed a rime drake
   614 | D        | Noticed a komodo dragon
   614 | D        | Noticed a komodo dragon
   615 | D        | Reached skill level 1 in Charms
   615 | D        | Reached skill level 1 in Earth Magic
   616 | D        | Killed a rime drake
   616 | D        | Received a gift from Sif Muna
   616 | D        | Killed a komodo dragon
   616 | D        | Reached skill level 14 in Spellcasting
   616 | D        | Killed a komodo dragon
   618 | D        | Reached XP level 10. HP: 30/53 MP: 9/30
   627 | D        | Reached skill level 5 in Charms
   636 | D        | Learned a level 3 spell: Regeneration
   649 | D        | Noticed a spiny frog
   651 | D        | Killed a spiny frog
   672 | D        | Received a gift from Sif Muna
   722 | D        | Reached skill level 1 in Necromancy
   722 | D        | Reached skill level 5 in Earth Magic
   801 | D        | Learned a level 5 spell: Borgnjor's Vile Clutch
   822 | D        | Noticed Josephine
   826 | D        | Killed Josephine
   826 | D        | Reached skill level 15 in Spellcasting
   905 | D        | Noticed an orc knight
   908 | D        | Identified Sif Muna's Disquisition on Boosting Damage Dealing (Sif Muna gifted it to you in the Dungeon)
   908 | D        | Received a gift from Sif Muna
   914 | D        | Killed an orc knight
   945 | D        | Noticed an orc high priest
   945 | D        | Noticed an orc high priest
   947 | D        | Reached XP level 11. HP: 57/57 MP: 4/32
   947 | D        | Killed an orc high priest
   947 | D        | Received a gift from Sif Muna
   947 | D        | Reached skill level 16 in Spellcasting
   950 | D        | Noticed a sun demon
   953 | D        | Killed an orc high priest
   958 | D        | Noticed an orc knight
   965 | D        | Killed an orc knight
   965 | D        | Reached skill level 10 in Charms
  1012 | D        | Found Lymouph's Distillery.
  1012 | D        | Noticed an orc sorcerer
  1012 | D        | Noticed an orc sorcerer
  1012 | D        | Noticed an orc sorcerer
  1014 | D        | Noticed an orc sorcerer
  1014 | D        | Killed an orc sorcerer
  1015 | D        | Killed an orc sorcerer
  1015 | D        | Identified Iskenderun's Papyrus of Confrontation (Sif Muna gifted it to you in the Dungeon)
  1015 | D        | Received a gift from Sif Muna
  1015 | D        | Killed an orc sorcerer
  1015 | D        | Reached ****** piety under Sif Muna
  1017 | D        | Killed an orc sorcerer
  1017 | D        | Reached skill level 17 in Spellcasting
  1018 | D        | Noticed an orc sorcerer
  1019 | D        | Gained mutation: You tend to lose your temper in combat. [a neqoxec]
  1022 | D        | Killed an orc sorcerer
  1026 | D        | Noticed an orc sorcerer
  1029 | D        | Killed an orc sorcerer
  1033 | D        | Noticed an orc sorcerer
  1033 | D        | Found Urghotiv's Weapon Shoppe.
  1037 | D        | Killed an orc sorcerer
  1037 | D        | Reached skill level 10 in Conjurations
  1043 | D        | Received a gift from Sif Muna
  1048 | D        | Found Mileso Nuoj's Armour Emporium.
  1052 | D        | Found Coet Doj's General Store.
  1063 | D        | Bought a phantom mirror for 360 gold pieces
  1063 | D        | Bought a scroll of identify for 24 gold pieces
  1063 | D        | Bought a scroll of magic mapping for 42 gold pieces
  1076 | D        | Bought a cursed +0 buckler for 15 gold pieces
  1080 | D        | Bought a potion of curing for 30 gold pieces
  1080 | D        | Bought a potion of heal wounds for 50 gold pieces
  1080 | D        | Bought a potion of cancellation for 80 gold pieces
  1080 | D        | Bought a potion of invisibility for 80 gold pieces
  1080 | D        | Bought a potion of heal wounds for 50 gold pieces
  1080 | D        | Bought a potion of mutation for 80 gold pieces
  1080 | D        | Bought a potion of curing for 30 gold pieces
  1080 | D        | Bought a potion of invisibility for 80 gold pieces
  1080 | D        | Bought a potion of mutation for 80 gold pieces
  1080 | D        | Bought a potion of might for 40 gold pieces
  1080 | D        | Bought a potion of curing for 30 gold pieces
  1080 | D        | Bought a potion of lignification for 30 gold pieces
  1080 | D        | Bought a potion of ambrosia for 80 gold pieces
  1080 | D        | Bought 2 potions of degeneration for 20 gold pieces
  1080 | D        | Bought a potion of lignification for 30 gold pieces
  1116 | D        | Learned a level 6 spell: Deflect Missiles
  1124 | D        | Learned a level 6 spell: Freezing Cloud
  1162 | D        | Noticed Harold
  1169 | D        | Killed Harold
  1169 | D        | Reached skill level 1 in Shields
  1170 | D        | Noticed Grum
  1176 | D        | Killed Grum
  1183 | D        | Noticed Erolcha
  1189 | D        | Killed Erolcha
  1189 | D        | Reached skill level 5 in Necromancy
  1222 | D        | Noticed Erica
  1234 | D        | Killed Erica
  1316 | D        | Got the +1 ring mail of Inference {rElec Str+7}
  1350 | D        | Noticed a seven-headed hydra
  1352 | D        | Reached skill level 1 in Ice Magic
  1352 | D        | Slain by a manticore

Vault maps used:
D:        linesprint

Skill      XL: |  1  2  3  4  5  6  7  8  9 10 11 |
---------------+----------------------------------+-----
Stealth        | 3 |  3.5
Air Magic      | 4 5 6 7 8 9 10 11 12 13 14 | 14.1
Spellcasting   | 4 6 8 9 11 12 14 15 17 | 17.8
Dodging        | 3 4 5 6 7 |  7.0
Conjurations   | 2 3 5 6 7 8 9 10 | 10.4
Invocations    | 2 3 4 6 7 9 10 12 13 | 13.6
Short Blades   | 1 2 3 4 5 |  5.9
Fighting       | 1 2 |  2.2
Evocations     | 2 3 4 5 6 |  6.6
Charms         | 4 8 12 | 12.3
Earth Magic    | 3 7 9 |  9.7
Necromancy     | 2 5 |  5.0
Shields        | 2 |  2.5
Ice Magic      | 1 |  1.0
Armour         | |  0.1

Action                   |  1- 3 |  4- 6 |  7- 9 | 10-12 || total
-------------------------+-------+-------+-------+-------++-------
Melee: Rapier            |     3 |     4 |    13 |    14 ||    34
 Cast: Shock             |    12 |     1 |     1 |    16 ||    30
       Static Discharge  |     3 |       |       |       ||     3
       Swiftness         |     1 |       |       |     1 ||     2
       Airstrike         |       |     5 |     3 |    14 ||    22
       Lightning Bolt    |       |     2 |     7 |    30 ||    39
       Iron Shot         |       |       |       |    25 ||    25
       Regeneration      |       |       |       |     9 ||     9
       Borgnjor's Vile C |       |       |       |     8 ||     8
       Freezing Cloud    |       |       |       |     2 ||     2
       Deflect Missiles  |       |       |       |     1 ||     1
Invok: Channel Magic     |       |       |     1 |    12 ||    13
       Divine Energy     |       |       |       |     2 ||     2
       Stop Divine Energ |       |       |       |     2 ||     2
Evoke: Staff of energy   |       |     7 |     8 |    12 ||    27
       Wand              |       |       |     2 |     1 ||     3
  Use: Potion            |     1 |       |       |     2 ||     3
       Scroll            |       |       |       |     1 ||     1
 Stab: Distracted        |     1 |       |       |       ||     1
  Eat: Chunk             |       |       |     1 |     8 ||     9
Armor: Robe              |     4 |       |     2 |     1 ||     7
       Ring mail         |       |       |       |     2 ||     2
Dodge: Dodged            |    16 |     2 |    14 |    30 ||    62
Block: Buckler           |       |       |       |     4 ||     4

Table legend:
 A = Spawn XP
 B = Non-spawn XP
 C = Spawn XP percentage of total XP
 D = Spawn monster count
 E = Non-spawn monster count
 F = Spawn count percentage of total count
 G = Total turns spent on level
                    A         B        C        D         E        F      G
               +---------+---------+-------+---------+---------+-------+---------
         Total |       0 |   21654 |   0.0 |       0 |     100 |   0.0 |  1352
               +---------+---------+-------+---------+---------+-------+---------
             D |       0 |   21654 |   0.0 |       0 |     100 |   0.0 |  1352
               +---------+---------+-------+---------+---------+-------+---------
